 Dungeon Crawl Stone Soup version 0.27.1-3-gb3d3a73c9e (webtiles) character file.

Game seed: 1520734031495471902

72979 TheGamechu the Fighter (level 15, -1/115 HPs)
             Began as a Djinni Ice Elementalist on Oct 1, 2021.
             Was the Champion of Makhleb.
             Slain by a sixfirhy (11 damage)
             ... summoned by an orc high priest
             ... on level 2 of the Orcish Mines on Oct 5, 2021.
             The game lasted 01:56:40 (22571 turns).

TheGamechu the Fighter (Djinni Ice Elementalist)   Turns: 22571, Time: 01:56:41

Health: -1/115     AC: 17    Str:  2    XL:     15   Next: 88%
Gold:   2018       EV: 13    Int: 33    God:    Makhleb [******] SH:  0 Dex: 14

rFire    + + .     SeeInvis .   E - +7 dagger of Ycwaaxaj {venom, rPois Will- rCorr Int+4}
rCold    x . .     Faith    .   (no shield)
rNeg     . . .     Spirit   .   C - +4 troll leather armour {Snorg}
rPois    ∞         Reflect  .   e - +0 helmet
rElec    .         Harm     .   G - +2 cloak {Will+}
rCorr    +         Rampage  .   n - +0 pair of gloves
Will     ++...                  (boots unavailable)
Stlth    +++.......             V - amulet of regeneration
HPRegen  2.29/turn              x - ring of the Messenger {Will+ AC+4 Str-5 Slay+2 Stlth+}
MPRegen  0.00/turn              F - +6 ring of intelligence

@: freezing walls, flying
A: sickness immunity, fire resistance 2, cold vulnerability 1, float, innate
caster, hp casting, extra vitality 1
a: Renounce Religion, Minor Destruction, Lesser Servant of Makhleb, Major
Destruction, Greater Servant of Makhleb


You were on level 2 of the Orcish Mines.
You worshipped Makhleb.
Makhleb was exalted by your worship.
You visited 4 branches of the dungeon, and saw 20 of its levels.
You also visited: Gauntlet.

You collected 2276 gold pieces.
You spent 258 gold pieces at shops.

Inventory:

Hand Weapons
 D - the +3 battleaxe of Conservatism {flame, rElec Will+ rCorr Int+3}
   (You found it on level 9 of the Dungeon)

   It burns those it strikes, dealing additional fire damage.
   Big, fiery blades are also staple armaments of hydra-hunters.
   Int:       It affects your intelligence (+3).
   rElec:     It insulates you from electricity.
   rCorr:     It protects you from acid and corrosion.
   Will:      It increases your willpower.
 E - the +7 dagger of Ycwaaxaj (weapon) {venom, rPois Will- rCorr Int+4}
   (You found it on level 10 of the Dungeon)

   It poisons the flesh of those it strikes.
   Int:       It affects your intelligence (+4).
   rPois:     It protects you from poison.
   rCorr:     It protects you from acid and corrosion.
   Will:      It decreases your willpower.
 I - a +4 rapier of holy wrath
Missiles
 g - 9 javelins
 q - a curare-tipped dart
 r - 7 throwing nets
 v - 25 boomerangs
 A - 6 boomerangs of dispersal
 H - 4 atropa-tipped darts
 N - 39 poisoned darts (quivered)
Armour
 e - a +0 helmet (worn)
 n - a +0 pair of gloves (worn)
 C - a +4 troll leather armour (worn) {Snorg}
 G - a +2 cloak of willpower (worn)
 Q - a +0 buckler
Jewellery
 x - the ring of the Messenger (left hand) {Will+ AC+4 Str-5 Slay+2 Stlth+}
   (You found it on level 5 of the Dungeon)

   [ring of protection]

   AC:        It affects your AC (+4).
   Str:       It affects your strength (-5).
   Slay:      It affects your accuracy & damage with ranged weapons and melee
   (+2).
   Will:      It increases your willpower.
   Stlth:     It makes you more stealthy.
 B - the brooch of Shielding {Spirit SH+8}
   (You found it on level 9 of the Dungeon)

   [amulet of guardian spirit]

   It causes incoming damage to be divided between your reserves of health and
   magic.
   SH:        It affects your SH (+8).
 F - a +6 ring of intelligence (right hand)
 O - a +4 ring of protection
 P - a ring of positive energy
 S - the ring of Dafo {rF+ EV+4}
   (You found it in a Gauntlet)

   [ring of evasion]

   EV:        It affects your evasion (+4).
   rF:        It protects you from fire.
 T - a ring of positive energy
 V - an amulet of regeneration (around neck)
Wands
 a - a wand of acid (13)
 l - a wand of flame (74)
 s - a wand of paralysis (10)
 y - a wand of iceblast (29)
 U - a wand of digging (8)
Scrolls
 j - 2 scrolls of blinking
 o - 5 scrolls of identify
 p - a scroll of enchant armour
 t - 7 scrolls of teleportation
 u - 4 scrolls of enchant weapon
 J - a scroll of brand weapon
 K - a scroll of summoning
 W - a scroll of fog
Potions
 b - 4 potions of haste
 c - 2 potions of resistance
 d - 2 potions of magic
 f - a potion of might
 h - 5 potions of curing
 i - 5 potions of ambrosia
 k - a potion of mutation {unknown}
 m - 5 potions of lignification
 w - 3 potions of attraction
 z - a potion of heal wounds
 L - a potion of flight {unknown}
 M - 2 potions of invisibility
Miscellaneous
 R - a condenser vane
 X - a phial of floods


   Skills:
 + Level 13.2 Fighting
 + Level 7.7 Short Blades
 - Level 8.0 Dodging
 - Level 4.0 Stealth
 + Level 11.7 Spellcasting
 + Level 12.1 Invocations
 - Level 8.0 Evocations


You had 2 spell levels left.
You knew the following spells:

 Your Spells              Type           Power      Damage    Failure   Level
a - Freeze                Ice            100%       1d11      1%          1
b - Frozen Ramparts       Ice            100%       1d12      1%          3
c - Ozocubu's Armour      Ice            77%        N/A       1%          3
d - Hailstorm             Conj/Ice       77%        3d16      1%          4
e - Apportation           Tloc           100%       N/A       1%          1
f - Searing Ray           Conj           100%       3d7       1%          2
g - Teleport Other        Tloc           77%        N/A       1%          3
h - Ignite Poison         Fire/Tmut/Pois 77%        N/A       1%          3
i - Ice Form              Ice/Tmut       77%        N/A       1%          4
j - Blade Hands           Tmut           38%        N/A       1%          5
k - Starburst             Conj/Fire      38%        6d11      7%          6
Your spell library was empty.

Dungeon Overview and Level Annotations

Branches:
Dungeon (11/15)            Temple (1/1) D:7            Lair (6/6) D:11
 Shoals (0/4) Lair:3       Spider (0/4) Lair:4        Slime (0/5) Lair:6
    Orc (2/2) D:11            Elf (0/3) Orc:2       Gauntlet (visited)

Altars:
Ashenzari
Cheibriados
Dithmenos
Elyvilon
Fedhas
Gozag
Hepliaklqana
Kikubaaqudgha
Makhleb
Nemelex Xobeh
Okawaru
Qazlal
Ru
Sif Muna
Trog
Uskayaw
Vehumet
Wu Jian
Xom
Yredelemnul
Zin
The Shining One
Beogh
Lugonu

Shops:
D:2 [   D:6 ?   D:10 [

Portals:
Abyss: D:9

Annotations:
D:9 4 runed translucent doors
Lair:6 2 runed translucent doors, BigDaddyOpFi's ghost, journeyman MiBe


Innate Abilities, Weirdness & Mutations

You are immune to sickness and miasma.
You are immune to poison.
Your flesh is very heat resistant. (rF++)
You are vulnerable to cold. (rC-)
You float through the air rather than walking.
You learn spells naturally, not from books.
Your magical power is your life essence.
You have superior vitality. (+4 HP)


Message History

The orc priest mumbles some strange prayers to Beogh against you.
Beogh smites you!
The orc high priest barely misses your green death.
The sixfirhy hits your green death! The sixfirhy shocks your green death!
The wall freezes the orc knight!
The orc knight hits you with a +2 war axe!
The orc knight hits your green death with a +2 war axe.
You hear a shout! x3
Casting: Frozen Ramparts (safe; 1% risk of failure)
Confirm with . or Enter, or press ? or * to list all spells.
Casting: Hailstorm (safe; 1% risk of failure)
Press: ? - help, Dir - look around, f - activate A cannonade of hail descends around you!
The hail pelts the sixfirhy!!!
The sixfirhy is almost dead.
The hail pelts the orc high priest!!
The orc high priest is severely wounded.
The hail pelts the orc knight but does no damage.
The hail pelts the orc wizard!!
You kill the orc wizard!
Makhleb accepts your kill.
You feel better.
The hail pelts the orc warrior!!
The orc warrior is severely wounded.
* * * LOW HITPOINT WARNING * * *
The sixfirhy hits your green death.
Your green death dies!
The sixfirhy barely misses you.
The orc knight roars a battlecry!
The orc knight goes into a battle-frenzy!
An orc warrior comes into view. It is wielding a +0 war axe.
An orc priest comes into view. It is wielding a +0 morningstar.
The orc priest calls down the wrath of Beogh upon you.
Beogh smites you!
* * * LOW HITPOINT WARNING * * *
The orc warrior closely misses you.
An orc comes into view. It is wielding a +0 whip.
The sixfirhy hits you!
* * * LOW HITPOINT WARNING * * *
The sixfirhy shocks you!
You die...

...o..oo....
...o..o....
#.......o.#
#o..34..o.#
#.)...o...#
#..)ooo...#
#.oo3))...#
###@o)..#####
#.).).......##
###........#.##
###.......#...##
##.........##.#.##
#................###
###
##............#....##
..#####
####................#
......#
#.#....#........##.##


You could see 3 orc knights, a soul eater (summoned), 3 orc high priests, a
hellwing (summoned), a sixfirhy (summoned), 3 orc warriors, 3 orc priests and 3
orcs.

Vanquished Creatures
  An orc warlord (D:11)
  A minotaur (Gauntlet)
  Snorg (D:10)
  Harold (Lair:2)
  A boulder beetle (D:9)
  4 hydras
  Erica (D:10)
  2 two-headed ogres (D:11)
  6 death yaks (Lair:5)
  A tengu warrior (Gauntlet)
  An orc high priest (Orc:2)
  Urug (Lair:4)
  A lindwurm (Lair:6)
  An orc knight (Orc:2)
  An orb spider (Lair:4)
  2 orc sorcerers (Orc:2)
  3 cyclopes
  6 elephants (Lair:2)
  6 black mambas
  11 torpor snails
  3 merfolk sirens (Lair:3)
  A gargoyle (D:10)
  2 unseen horrors
  17 cane toads
  3 rime drakes
  6 komodo dragons
  A tengu conjurer (Gauntlet)
  A merfolk (Lair:3)
  3 trolls
  A meliai (D:9)
  A queen bee (Lair:1)
  3 slime creatures
  Prince Ribbit (Lair:2)
  9 hornets
  21 blink frogs
  4 tyrant leeches (Lair:6)
  12 dream sheep
  A meliai zombie (D:11)
  6 flying skulls (Gauntlet)
  A redback (Lair:6)
  A vampire (D:11)
  A wraith (D:11)
  15 wyverns
  2 basilisks
  50 yaks
  A steam dragon (Lair:4)
  A vampire mosquito (D:9)
  Edmund (D:4)
  8 wargs
  25 water moccasins
  A hornet zombie (D:5)
  An ice beast (D:6)
  A black bear (D:3)
  A sky beast (D:8)
  3 necrophages (D:6)
  17 orc warriors
  8 ogres
  5 centaurs
  8 wolves
  The ghost of BuzzyBeetle the Caller, an amateur MfSu (D:3)
  2 phantoms (D:4)
  2 kobold brigands
  12 bullfrogs
  2 scorpions
  31 killer bees
  7 wights
  7 howler monkeys
  A jelly (Lair:6)
  2 hounds
  A gnoll shaman (D:9)
  22 orc priests
  A centaur skeleton (D:4)
  An iguana (D:6)
  22 orc wizards
  2 killer bee zombies (D:8)
  A hound zombie (D:5)
  A howler monkey skeleton (D:5)
  4 adders
  A white imp (D:5)
  A worm (D:4)
  4 dart slugs
  44 orcs
  6 endoplasms
  3 giant cockroaches
  4 goblins
  7 hobgoblins
  3 jackals (D:1)
  12 kobolds
  8 ball pythons
  6 bats
  4 frilled lizards
  8 rats
  A bush (Lair:6)
  A butterfly (Lair:2)
534 creatures vanquished.

Vanquished Creatures (collateral kills)
  A wolf spider (Lair:6)
  A guardian serpent (Lair:6)
  4 black mambas (Lair:6)
  3 cane toads (Lair:6)
  A rime drake (Lair:6)
  3 komodo dragons (Lair:6)
  A hornet (Lair:6)
  2 flying skulls (Gauntlet)
  A redback (Lair:6)
  12 yaks (Lair:6)
  4 water moccasins (Lair:6)
  An orc warrior (Orc:2)
  A jelly (Lair:6)
  2 plants (Lair:6)
37 creatures vanquished.

Vanquished Creatures (others)
  Erolcha (D:11)
  A wight (D:8)
  An orc (Orc:2)
  5 bushes (Lair:6)
  4 demonic plants (Gauntlet)
  34 fungi
  79 plants
125 creatures vanquished.

Grand Total: 696 creatures vanquished

Notes
Turn   | Place    | Note
-------+----------+-------------------------------------------
     0 | D:1      | TheGamechu the Djinni Ice Elementalist began the quest for
                  | the Orb.
     0 | D:1      | Reached XP level 1. HP: 15/15 MP: 0/0
   337 | D:1      | Reached XP level 2. HP: 2/22 MP: 0/0
   618 | D:1      | Found a faded altar of an unknown god.
  1085 | D:1      | Reached XP level 3. HP: 20/26 MP: 0/0
  1085 | D:1      | Learned a level 1 spell: Apportation
  1462 | D:1      | Reached skill level 1 in Fighting
  1989 | D:2      | Reached XP level 4. HP: 10/32 MP: 0/0
  2563 | D:2      | Found Yfesus's Armour Shoppe.
  2940 | D:3      | Noticed a black bear
  2951 | D:3      | Killed a black bear
  2952 | D:3      | Reached skill level 2 in Fighting
  2952 | D:3      | Reached XP level 5. HP: 24/38 MP: 0/0
  2952 | D:3      | Learned a level 2 spell: Searing Ray
  3735 | D:3      | Found a runed translucent gate.
  3735 | D:3      | Found a runed translucent gate.
  3735 | D:3      | Found a runed translucent gate.
  3737 | D:3      | Noticed BuzzyBeetle's ghost (amateur MfSu)
  3765 | D:3      | Killed BuzzyBeetle's ghost
  3766 | D:3      | Reached XP level 6. HP: 32/44 MP: 0/0
  4142 | D:4      | Reached XP level 7. HP: 43/49 MP: 0/0
  4142 | D:4      | Learned a level 3 spell: Teleport Other
  4149 | D:4      | Noticed Edmund
  4163 | D:4      | Killed Edmund
  4164 | D:4      | Reached skill level 3 in Fighting
  4534 | D:4      | Found an opulent altar of Gozag.
  4781 | D:4      | Found a stormy altar of Qazlal.
  4867 | D:4      | Reached skill level 5 in Spellcasting
  5292 | D:5      | Entered Level 5 of the Dungeon
  5433 | D:5      | Reached XP level 8. HP: 35/56 MP: 0/0
  6298 | D:5      | Reached skill level 5 in Dodging
  6398 | D:5      | Identified the ring of the Messenger {Will+ AC+4 Str-5
                  | Slay+2 Stlth+}
  6492 | D:5      | Reached skill level 4 in Fighting
  6907 | D:6      | Found a blossoming altar of Fedhas.
  6907 | D:6      | Found a broken altar of Ashenzari.
  7139 | D:6      | Reached XP level 9. HP: 51/63 MP: 0/0
  7139 | D:6      | Learned a level 3 spell: Ignite Poison
  7273 | D:6      | Found Guusment's Magic Scroll Emporium.
  7312 | D:6      | Reached skill level 5 in Fighting
  7924 | D:6      | Found a bloodstained altar of Trog.
  7956 | D:6      | Found a burning altar of Makhleb.
  7957 | D:6      | Found an iron altar of Okawaru.
  7963 | D:6      | Became a worshipper of Makhleb the Destroyer
  8665 | D:7      | Reached skill level 1 in Invocations
  8685 | D:7      | Found a staircase to the Ecumenical Temple.
  8701 | Temple   | Entered the Ecumenical Temple
  9509 | D:8      | Reached skill level 6 in Fighting
  9509 | D:8      | Reached XP level 10. HP: 62/72 MP: 0/0
  9862 | D:8      | Found a hazy altar of Hepliaklqana.
 10656 | D:9      | Found a glowing golden altar of the Shining One.
 10786 | D:9      | Reached * piety under Makhleb
 10877 | D:9      | Reached skill level 7 in Fighting
 11095 | D:9      | Noticed a white ugly thing
 11096 | D:9      | Found a one-way gate to the infinite horrors of the Abyss.
 11096 | D:9      | Noticed a kobold demonologist
 11119 | D:9      | Reached skill level 1 in Evocations
 11412 | D:9      | Found a large runed translucent door.
 11412 | D:9      | Found a large runed translucent door.
 11520 | D:9      | Found a large runed translucent door.
 11520 | D:9      | Found a large runed translucent door.
 11522 | D:9      | Found the brooch of Shielding {Spirit SH+8}
 11973 | D:9      | Reached XP level 11. HP: 55/79 MP: 0/0
 11973 | D:9      | Learned a level 4 spell: Ice Form
 12096 | D:9      | Noticed a boulder beetle
 12117 | D:9      | Killed a boulder beetle
 12118 | D:9      | Reached skill level 5 in Invocations
 12310 | D:9      | Found a shadowy altar of Dithmenos.
 12391 | D:9      | Found a large runed translucent door.
 12391 | D:9      | Found a large runed translucent door.
 12392 | D:9      | Found a corrupted altar of Lugonu.
 12448 | D:9      | Noticed a cyclops
 12454 | D:9      | Killed a cyclops
 12455 | D:9      | Reached skill level 8 in Fighting
 12549 | D:9      | Identified the +3 battleaxe of Conservatism {flame, rElec
                  | Will+ rCorr Int+3}
 12617 | D:10     | Entered Level 10 of the Dungeon
 12630 | D:10     | Identified the +7 dagger of Ycwaaxaj {venom, rPois Will-
                  | rCorr Int+4}
 13074 | D:10     | Noticed Snorg
 13075 | D:10     | Noticed a cyclops
 13091 | D:10     | Killed Snorg
 13249 | D:10     | Killed a cyclops
 13314 | D:10     | Found a sacrificial altar of Ru.
 13331 | D:10     | Noticed Erica
 13336 | D:10     | Killed Erica
 13722 | D:10     | Found Noddohed's Armour Shoppe.
 13780 | D:10     | Reached skill level 5 in Evocations
 13782 | D:10     | Reached ** piety under Makhleb
 13819 | D:10     | Bought a +2 cloak of willpower for 258 gold pieces
 13910 | D:11     | Found a staircase to the Orcish Mines.
 13925 | D:11     | Reached XP level 12. HP: 88/88 MP: 0/0
 13951 | D:11     | Reached skill level 9 in Fighting
 14052 | D:11     | Noticed Erolcha
 14052 | D:11     | Noticed a two-headed ogre
 14065 | D:11     | Killed a two-headed ogre
 14239 | D:11     | Found a staircase to the Lair.
 14539 | D:11     | Noticed a two-headed ogre
 14553 | D:11     | Killed a two-headed ogre
 14612 | Lair:1   | Entered Level 1 of the Lair of Beasts
 15435 | Lair:2   | Noticed a seven-headed hydra
 15451 | Lair:2   | Killed a seven-headed hydra
 15451 | Lair:2   | Reached *** piety under Makhleb
 15531 | Lair:2   | Reached skill level 10 in Fighting
 15673 | Lair:2   | Reached XP level 13. HP: 96/96 MP: 0/0
 15673 | Lair:2   | Learned a level 5 spell: Blade Hands
 15757 | Lair:2   | Noticed Prince Ribbit
 15792 | Lair:2   | Killed Prince Ribbit
 15920 | Lair:2   | Noticed Harold
 15930 | Lair:2   | Killed Harold
 16269 | Lair:3   | Reached skill level 10 in Spellcasting
 16271 | Lair:3   | Reached skill level 1 in Short Blades
 16274 | Lair:3   | Reached **** piety under Makhleb
 16338 | Lair:3   | Found a snail-covered altar of Cheibriados.
 16733 | Lair:3   | Found a staircase to the Shoals.
 16814 | Lair:3   | Reached skill level 11 in Fighting
 17187 | Lair:3   | Noticed a five-headed hydra
 17196 | Lair:3   | Killed a five-headed hydra
 17333 | Lair:3   | Upgraded the game from 0.27.1-2-g3b301248ec to
                  | 0.27.1-3-gb3d3a73c9e
 17666 | Lair:4   | Noticed Urug
 17685 | Lair:4   | Killed Urug
 17745 | Lair:4   | Reached XP level 14. HP: 84/105 MP: 0/0
 17883 | Lair:4   | Found a hole to the Spider Nest.
 17896 | Lair:4   | Reached ***** piety under Makhleb
 17897 | Lair:4   | Reached skill level 10 in Invocations
 18519 | Lair:5   | Reached skill level 5 in Short Blades
 18732 | Lair:5   | Reached skill level 12 in Fighting
 19195 | Lair:6   | Entered Level 6 of the Lair of Beasts
 19326 | Lair:6   | Found a gate leading to a gauntlet.
 19364 | Gauntlet | Entered a Gauntlet
 19364 | Gauntlet | Found a transporter.
 19364 | Gauntlet | Found a transporter.
 19368 | Gauntlet | Found a transporter.
 19368 | Gauntlet | Found a transporter.
 19380 | Gauntlet | Found a transporter.
 19388 | Gauntlet | Found a transporter.
 19388 | Gauntlet | Found a transporter.
 19404 | Gauntlet | Found a transporter.
 19411 | Gauntlet | Found a transporter.
 19441 | Gauntlet | Found a transporter.
 19463 | Gauntlet | Found a transporter.
 19504 | Gauntlet | Found a transporter.
 19522 | Gauntlet | Found a transporter.
 19620 | Gauntlet | Found a transporter.
 19636 | Gauntlet | Found a transporter.
 19648 | Gauntlet | Found a transporter.
 19934 | Gauntlet | Reached XP level 15. HP: 91/113 MP: 0/0
 19934 | Gauntlet | Learned a level 6 spell: Starburst
 20016 | Gauntlet | Identified the ring of Dafo {rF+ EV+4}
 20059 | Gauntlet | Identified the +4 flail of Karma {freeze, rPois}
 20255 | Lair:6   | Found a staircase to the Slime Pits.
 20360 | Lair:6   | Found a runed translucent door.
 20790 | Lair:6   | Reached ****** piety under Makhleb
 21008 | Lair:6   | Found a runed translucent door.
 21258 | Lair:6   | Noticed BigDaddyOpFi's ghost (journeyman MiBe)
 21258 | Lair:6   | Identified the +7 spear of Kotah {vorpal, Fly Int+2}
 21666 | Orc:1    | Entered Level 1 of the Orcish Mines
 21685 | Orc:1    | Noticed an orc warlord
 21715 | D:11     | Killed Erolcha
 21716 | D:11     | Reached skill level 13 in Fighting
 21782 | D:11     | Killed an orc warlord
 22153 | Orc:2    | Entered Level 2 of the Orcish Mines
 22422 | Orc:2    | Found a staircase to the Elven Halls.
 22571 | Orc:2    | Slain by a sixfirhy

Illustrated notes

Levels and vault maps discovered:
D:1:      lordsloth_arrival_two_stooges, layout_basic,
          dreamdust_ecumenical_altar_grove
D:2:      layout_rooms, serial_shops, shop, serial_corexii_hall,
          corexii_hall_statues_x, corexii_hall_statues_x,
          corexii_hall_statues_i, chequers_hall_statues_y
D:3:      layout_basic, ebering_ghost_rock_garden
D:4:      layout_loops_ring, grunt_gozag_statues,
          mainiacjoe_overflow_six_doors_small, lexackson_kobold_supper,
          uniq_edmund
D:5:      layout_loops_ring, serial_bayou_pond_e, kennysheep_generic_room_15
D:6:      layout_cave_pools, trog_book,
          chequers_temple_overflow_statue_of_worship,
          mainiacjoe_overflow_tiny_flanked, gammafunk_temple_overflow_statue,
          serial_shops, shop, chequers_serial_rivers_micro_b
D:7:      layout_loops_ring, minmay_temple_entry_ruins
D:8:      layout_basic, kennysheep_mini, kennysheep_another_room, minivault_19,
          st_stairs_7, nicolae_sextant, minmay_statues_item,
          kennysheep_generic_room_10
D:9:      due_chaos_kobolds, layout_basic, mainiacjoe_overflow_boulevard,
          mainiacjoe_overflow_brackets, minmay_hollow_rounded_squares
D:10:     layout_long_grid, nicolae_ru_awakened_eye, tgw_sif, serial_shops,
          shop_statue, uniq_snorg, uniq_erica
D:11:     layout_roguey, lair_entry_dummy, orc_david_3, serial_curves,
          eino_curves_01, eino_curves_01, uniq_erolcha
Temple:   dpeg_three_leaves_temple
Lair:1:   layout_loops_ring, special_room [special_room_bee], st_stairs_11
Lair:2:   layout_gridlike, lemuel_fruit_fields, uniq_prince_ribbit2, uniq_harold
Lair:3:   layout_hall_layers, elwin_shoals_entry_stream, serial_forest,
          infiniplex_forest_clump_diagonal, infiniplex_forest_end_1,
          infiniplex_forest_straight_4, infiniplex_forest_straight_5,
          infiniplex_forest_pool, infiniplex_forest_corner_1,
          kennysheep_snail_temple
Lair:4:   layout_regular_city, nicolae_spider_entry_orb_guardian, uniq_urug
Lair:5:   layout_roguey
Lair:6:   hangedman_lair_tendril_chambers, layout_regular_city, wormcave,
          minmay_slime_entry_pillars, ebering_ghost_funeral_grove,
          gauntlet_entry_generic
Orc:1:    layout_caves, serial_shops, nicolae_lakefront_shop, shop,
          nicolae_lakefront_shop, basic_altar
Orc:2:    st_orc_congregation, layout_diamond_mine, bh_open_orc_temple

Skill      XL: |  1  2  3  4  5  6  7  8  9 10 11 12 13 14 15 |
---------------+----------------------------------------------+-----
Stealth        | 2 3 4 |  4.0
Fighting       | 1 2 3 4 6 7 8 10 11 12 13 | 13.2
Dodging        | 3 4 5 7 8 |  8.0
Spellcasting   | 4 5 6 7 8 9 10 11 | 11.7
Invocations    | 1 4 6 8 9 11 12 | 12.1
Evocations     | 2 5 7 8 |  8.0
Short Blades   | 3 6 7 |  7.7

Action                   |  1- 3 |  4- 6 |  7- 9 | 10-12 | 13-15 || total
-------------------------+-------+-------+-------+-------+-------++-------
Melee: Dagger            |     2 |       |       |    91 |   481 ||   574
       Short sword       |       |    12 |    93 |    75 |       ||   180
       Rapier            |       |       |       |       |    17 ||    17
Throw: Dart              |       |       |     1 |       |     4 ||     5
       Boomerang         |       |       |       |     9 |       ||     9
 Cast: Freeze            |    57 |     8 |     9 |     8 |       ||    82
       Ozocubu's Armour  |     1 |     3 |    25 |    43 |    50 ||   122
       Frozen Ramparts   |     1 |     3 |    20 |    37 |    31 ||    92
       Searing Ray       |       |     7 |    26 |    20 |     3 ||    56
       Hailstorm         |       |       |    23 |    38 |   105 ||   166
       Ignite Poison     |       |       |     3 |    24 |   108 ||   135
Invok: Minor Destruction |       |       |       |       |    13 ||    13
       Greater Servant o |       |       |       |       |     3 ||     3
       Lesser Servant of |       |       |       |       |     1 ||     1
  Use: Scroll            |     1 |     1 |    10 |     5 |    10 ||    27
       Potion            |       |       |       |     3 |     3 ||     6
 Stab: Sleeping          |       |     2 |     3 |     9 |    13 ||    27
Armor: Robe              |    13 |    14 |    57 |    80 |       ||   164
       Troll leather arm |       |       |       |    70 |   326 ||   396
Dodge: Dodged            |    23 |    27 |    79 |   166 |   422 ||   717
Block: Other             |       |       |       |    64 |   176 ||   240
